 Dungeon Crawl Stone Soup version 0.25-a0-258-g6d7e32a812 (webtiles) character file.

Game seed: 1652586177153760620, levelgen mode: deterministic

88 Redear the Sneak (level 4, -1/27 HPs)
             Began as an Octopode Fire Elementalist on Dec 6, 2019.
             Slain by a goblin
             ... wielding a +0 club
             ... led by Robin
              (3 damage)
             ... on level 2 of the Dungeon.
             The game lasted 00:08:55 (1631 turns).

Redear the Sneak (Octopode Fire Elementalist)       Turns: 1631, Time: 00:08:56

Health: -1/27      AC:  1    Str:  7    XL:     4   Next: 53%
Magic:  6/8        EV: 13    Int: 18    God:
Gold:   91         SH:  0    Dex: 12    Spells: 0/8 levels left

rFire    . . .     SeeInvis .   (no weapon)
rCold    . . .     Gourm    .   (no shield)
rNeg     . . .     Faith    .   (helmet restricted)
rPois    .         Spirit   .   (no amulet)
rElec    .         Reflect  .   (no ring)
rCorr    .         Harm     .   (no ring)
MR       .....                  (no ring)
Stlth    +++.......             (no ring)
HPRegen  0.09/turn              (no ring)
MPRegen  0.11/turn              (no ring)
                                (no ring)
                                (no ring)

@: no status effects
A: almost no armour, stealthy swim, amphibious, 8 rings, constrict 8, camouflage
1, gelatinous body 1
a: no special abilities


You were on level 2 of the Dungeon.
You were hungry.

You visited 1 branch of the dungeon, and saw 2 of its levels.

You collected 91 gold pieces.

Inventory:

Hand Weapons
 l - a +0 club
 n - a +0 club
Missiles
 e - 4 boomerangs of dispersal (quivered)
Armour
 k - a +0 robe
Jewellery
 c - an uncursed ring of fire {unknown}
Scrolls
 a - a scroll of immolation {unknown}
 b - a scroll of remove curse {unknown}
 d - a scroll of identify {unknown}
 g - 2 scrolls of teleportation {unknown}
 i - a scroll of magic mapping {unknown}
 j - 2 scrolls of noise {unknown}
Potions
 f - a potion of brilliance {Archmagi Int+5 Wiz++}
Comestibles
 z - 3 rations


   Skills:
 - Level 2.0 Dodging
 + Level 4.0 Stealth
 + Level 2.7 Spellcasting
 + Level 2.2 Conjurations
 + Level 3.6 Fire Magic


You couldn't memorise any spells.
You knew the following spells:

 Your Spells              Type           Power        Failure   Level  Hunger
a - Foxfire               Conj/Fire      ##..         4%          1    #......
b - Sticky Flame          Conj/Fire      ##......     45%         4    #####..
j - Conjure Flame         Conj/Fire      ##......     16%         3    ###....

Your spell library contained the following spells:

 Spells                   Type           Power        Failure   Level  Hunger
 Inner Flame              Hex/Fire       #.......     24%         3    ###....
 Fireball                 Conj/Fire      ##........   80%         5    ######.


Dungeon Overview and Level Annotations

Branches:
Dungeon (2/15)

Altars:
Dithmenos
Kikubaaqudgha

Annotations:
D:2 Robin, Terence


Innate Abilities, Weirdness & Mutations

You cannot wear most types of armour.
You are very stealthy in the water. (Stealth+)
You are amphibious.
You can wear up to eight rings at the same time.
You can use your tentacles to constrict eight enemies at once.
Your skin changes colour to match your surroundings (Stealth+).
Your rubbery body absorbs attacks. (AC +1, EV +1)


Message History

You tentacle-slap the goblin but do no damage.
The goblin is severely wounded.
You constrict the goblin.
You kill the goblin!
Robin throws the goblin at you!
* * * LOW HITPOINT WARNING * * *
The goblin hits you.
* * * LOW HITPOINT WARNING * * *
You take 4 damage, and have 4/27 hp.
MP restored: 8
Casting: Sticky Flame (quite dangerous; 45% risk of failure)
Confirm with . or Enter, or press ? or * to list all spells.
Nothing appears to happen.
The goblin hits you with a +0 club.
* * * LOW HITPOINT WARNING * * *
The goblin barely misses you.
You take 3 damage, and have 1/27 hp.
You now have 7/8 mp.
Casting: Foxfire (safe; 4% risk of failure)
Confirm with . or Enter, or press ? or * to list all spells.
Nothing appears to happen.
The goblin hits you with a +0 club.
You die...

##### ....# .##.#
.##.#########
.....<......######
.##.#####..)...g@#
.##.# #...####g#
....# ##### #g#
P.###


gg. P...# #.## #.#.# #.# #.#.###### #.# #.#......# #.# ..#......# You could see
Robin, 2 hobgoblins and 2 goblins.

Vanquished Creatures
  Jessica (D:2)
  2 adders (D:2)
  2 dart slugs (D:1)
  A leopard gecko (D:1)
  A ball python (D:1)
  2 giant cockroaches (D:2)
  4 goblins
  7 hobgoblins
  5 kobolds
  7 bats
  2 frilled lizards (D:2)
  6 rats
40 creatures vanquished.

Vanquished Creatures (others)
  69 foxfires
69 creatures vanquished.

Grand Total: 109 creatures vanquished

Notes
Turn   | Place    | Note
-------+----------+-------------------------------------------
     0 | D:1      | Redear the Octopode Fire Elementalist began the quest for
                  | the Orb.
     0 | D:1      | Reached XP level 1. HP: 11/11 MP: 3/3
   279 | D:1      | Reached skill level 3 in Stealth
   279 | D:1      | Reached XP level 2. HP: 12/17 MP: 0/5
   670 | D:1      | Reached XP level 3. HP: 16/21 MP: 2/6
   928 | D:2      | Noticed Jessica
   997 | D:2      | Found a shadowy altar of Dithmenos.
  1090 | D:2      | Killed Jessica
  1090 | D:2      | Reached skill level 2 in Conjurations
  1090 | D:2      | Reached XP level 4. HP: 23/27 MP: 4/7
  1138 | D:2      | Reached skill level 4 in Stealth
  1304 | D:2      | Noticed Terence
  1345 | D:1      | Learned a level 3 spell: Conjure Flame
  1350 | D:1      | Learned a level 4 spell: Sticky Flame
  1379 | D:2      | Found an ancient bone altar of Kikubaaqudgha.
  1599 | D:2      | Noticed Robin
  1630 | D:2      | HP: 1/27 [goblin/+0 club[Robin] (3)]
  1631 | D:2      | Slain by a goblin

Levels and vault maps discovered:
D:1:      dpeg_arrival_windows_large_door, layout_basic
D:2:      layout_loops_cross, kiku_gazebo_garden_becter,
          nicolae_dithmenos_through_a_glass_darkly, uniq_jessica, uniq_terence,
          uniq_robin

Skill      XL: |  1  2  3  4 |
---------------+-------------+-----
Stealth        | 3 4 |  4.0
Conjurations   | 2 |  2.2
Dodging        | |  2.0
Spellcasting   | |  2.7
Fire Magic     | |  3.6

Action                   |  1- 3 |  4- 6 || total
-------------------------+-------+-------++-------
Melee: Unarmed           |    25 |    14 ||    39
       Constrict         |    10 |     5 ||    15
       Tentacles         |     6 |     2 ||     8
 Cast: Foxfire           |    33 |    15 ||    48
  Use: Potion            |       |     5 ||     5
 Stab: Sleeping          |     3 |       ||     3
  Eat: Chunk             |       |     2 ||     2
Armor: Skin              |     8 |     3 ||    11
Dodge: Dodged            |    40 |    19 ||    59

Table legend:
 A = Non-vault XP
 B = Vault XP
 C = Vault XP percentage of total XP
 D = Non-vault monster count
 E = Vault monster count
 F = Vault count percentage of total count
                 A         B        C        D         E       F
            +---------+---------+-------+---------+---------+-------
      Total |      83 |      43 |  34.1 |      36 |       4 |  10.0
            +---------+---------+-------+---------+---------+-------
        D:1 |      41 |       0 |   0.0 |      24 |       0 |   0.0
        D:2 |      42 |      43 |  50.6 |      12 |       4 |  25.0
            +---------+---------+-------+---------+---------+-------
